Mi, chaotic female elven Wizard ---------------- |..............! |...(. . @)G...| |.a.....f......| |.....?.f......| ---------------- Mi the Evoker Experience level: 1 Strength: 8 Dexterity: 15 Constitution: 15 Intelligence: 17 Wisdom: 12 Charisma: 10 Health: 0(11) Energy: 7(7) AC: 8 Gold: 505 Moves: 1859 Your Inventory: Coins $ - 505 gold pieces Weapons a - a blessed +1 quarterstaff t - an [uncursed +0] sling v - an [uncursed] +0 crude dagger [orcish] (in quiver) w - an [uncursed +0] arrow Armor b - an uncursed +0 cloak of magic resistance (being worn) s - an [uncursed] +0 iron skull cap [orcish helm] (being worn) x - an [uncursed +0] elven leather helm Scrolls i - an uncursed scroll of enchant weapon j - an uncursed scroll of remove curse k - an uncursed scroll of create monster u - an [uncursed] scroll labeled ZLORFIK [of confuse monster] A - an [uncursed] scroll labeled YUM YUM [of fire] Spellbooks l - a blessed spellbook of force bolt m - an uncursed spellbook of healing p - an [uncursed] purple spellbook [of magic missile] Potions f - an uncursed potion of extra healing h - 2 uncursed potions of see invisible named uncursed o - a [cursed] ruby potion [of object detection] r - a [blessed] ruby potion [of object detection] D - an [uncursed] puce potion [of gain level] Rings d - an uncursed +1 ring of increase damage e - an uncursed ring of polymorph Wands c - an uncursed wand of polymorph (0:7) E - an [uncursed] marble wand [of probing (0:6)] Tools n - an uncursed bugle y - an [uncursed] key [skeleton key] Gems q - an [uncursed] red gem [garnet] B - an [uncursed] violet gem [worthless glass] Spells known in the end: Name Level Category Fail Memory a - force bolt 1 attack 0% [||||||||] b - healing 1 healing 0% [||||||||] Your skills at the end: Fighting Skills Weapon Skills quarterstaff [Basic / Expert] Spellcasting Skills attack spells [Basic / Expert] enchantment spells [Basic / Skilled] Final Attributes: You were devoutly aligned. Hunger level was 236. Your alignment was 18 / 19. Monster difficulty range was 1 - 3. Level difficulty was 6. You were magic-protected. You saw invisible. You had infravision. Your luck was zero. You are dead. Vanquished creatures: a rock piercer a homunculus a kobold lord a rothe an acid blob 2 hobbits 2 giant rats a brown mold a red mold 2 geckos 3 jackals a kobold 2 goblins 3 sewer rats 4 grid bugs 5 lichens 4 newts 35 creatures vanquished. Voluntary challenges: You were vegetarian. You used a wielded weapon 5 times. You read items or engraved 100 times. You put on armor 2 times. You never genocided any monsters. You never polymorphed an object. You never changed form. You used no wishes. You wrote Elbereth's name 72 times. You encountered 1 bones level. You never used any Sokoban shortcuts. Dungeon overview: The Dungeons of Doom: levels 1 to 6 Level 1 a long staircase Level 2 a fountain stairs to The Gnomish Mines Level 3 a weapon shop Level 4 (vault) a fountain, a sink Level 5 a fountain, a sink Level 7 <- You were here The Gnomish Mines: Level 3 stairs to The Dungeons of Doom History has recorded: On T:1 you entered the Dungeons of Doom to retrieve the Amulet of Yendor! On T:80 you reached level 2 of The Dungeons of Doom. On T:445 you reached level 3 of The Dungeons of Doom. On T:768 you reached level 1 of The Gnomish Mines. On T:854 you reached level 4 of The Dungeons of Doom. On T:1356 you reached level 5 of The Dungeons of Doom. On T:1846 you reached level 6 of The Dungeons of Doom. Latest messages: You add "Elbereth" with your fingers to the writing in the dust. The large cat misses And's ghost. Pick an object. Never mind. You add "Elbereth" with your fingers to the writing in the dust. The large cat misses And's ghost. You add "Elbereth" with your fingers to the writing in the dust. The large cat misses And's ghost. (2x) You add "Elbereth" with your fingers to the writing in the dust. The large cat misses And's ghost. And's ghost turns to flee! The gnome lord throws a dart! You are hit by a dart. [HP-3=4] Pick an object. Never mind. You add "Elbereth" with your fingers to the writing in the dust. The large cat misses And's ghost. The gnome lord throws 2 darts! You are hit by the 1st dart. You die... Final status: Goodbye Mi the Wizard... You died in The Dungeons of Doom on dungeon level 6 with 725 points, and 505 pieces of gold, after 1859 moves. You were level 1 with a maximum of 11 hit points when you died.